 Dungeon Crawl Stone Soup version 0.30-a0-1008-g30c9307041 (webtiles) character file.

Game seed: 540448867593797626

275 jimonade the Trooper (level 6, -1/63 HPs)
             Began as an Ogre Warper on Apr 6, 2023.
             Slain by an iguana (12 damage)
             ... on level 4 of the Dungeon.
             The game lasted 00:12:16 (3859 turns).

jimonade the Trooper (Ogre Warper)                  Turns: 3859, Time: 00:12:17

Health: -1/63      AC:  3    Str: 16    XL:     6   Next: 25%
Magic:  10/10      EV: 10    Int: 14    God:
Gold:   115        SH:  0    Dex: 10    Spells: 6/10 levels left

rFire   . . .      SeeInvis +    a - +1 short sword (venom)
rCold   . . .      Faith    .    (no shield)
rNeg    . . .      Spirit   .    i - +0 robe
rPois   +          Reflect  .    (helmet restricted)
rElec   .          Rampage  .    (no cloak)
rCorr   .                        (gloves unavailable)
Will    .....                    (boots unavailable)
Stlth   +                        (no amulet)
HPRegen 0.30/turn                p - ring of see invisible
MPRegen 0.12/turn                r - ring of poison resistance

@: no status effects
A: large, unfitting armour, tough skin 1
a: no special abilities


You were on level 4 of the Dungeon.
You visited 1 branch of the dungeon, and saw 4 of its levels.

You collected 115 gold pieces.

Inventory:

Hand Weapons
 a - a +1 short sword of venom (weapon)
 b - a +1 whip of freezing
 u - a +0 mace
 v - a +0 giant club
 y - a +0 quarterstaff
Missiles
 d - 5 boomerangs of dispersal (quivered)
 x - 7 stones
Armour
 i - a +0 robe (worn)
Magical Staves
 j - a staff of poison
Jewellery
 p - a ring of see invisible (left hand)
 r - a ring of poison resistance (right hand)
Wands
 t - a wand of paralysis (7)
Scrolls
 c - a scroll of blinking
 e - 2 scrolls of amnesia
 f - 3 scrolls of teleportation
 n - 3 scrolls of fear {unknown}
Potions
 g - a potion of cancellation
 h - a potion of attraction {unknown}
 k - 2 potions of heal wounds
 l - a potion of degeneration {unknown}
 m - a potion of haste {unknown}
 o - 2 potions of curing {unknown}
 s - a potion of resistance {unknown}
 w - a potion of lignification {unknown}


   Skills:
 + Level 4.6 Fighting
 + Level 3.3 Maces & Flails
 + Level 1.0 Throwing
 + Level 3.3 Dodging
 + Level 2.6 Spellcasting
 * Level 3.7 Translocations


You had 6 spell levels left.
You knew the following spells:

 Your Spells              Type           Power      Damage    Failure   Level
a - Blink                 Tloc           24%        N/A       7%          2
b - Lesser Beckoning      Tloc           24%        N/A       7%          2

Your spell library contained the following spells:

 Spells                   Type           Power      Damage    Failure   Level
 Teleport Other           Tloc           12%        N/A       14%         3
 Shock                    Conj/Air       4%         1d3       22%         1
 Vhi's Electric Charge    Tloc/Air       14%        N/A       30%         3
 Manifold Assault         Tloc           12%        N/A       43%         4


Dungeon Overview and Level Annotations

Branches:
Dungeon (4/15)
 Temple: D:4-7

Altars:
The Shining One

Annotations:
D:2 Natasha


Innate Abilities, Weirdness & Mutations

You are too large for most types of armour.
You have tough skin. (AC +1)


Message History

The hound is severely wounded.
The hound bites you. x2
You closely miss the hound.
The hound is almost dead.
The hound bites you.
You miss the hound.
The hound is almost dead.
The hound bites you. x2
You hit the hound.
You kill the hound!
You start resting.
HP restored.
An iguana comes into view.
Okay, then.
Unknown command.
You completely miss the iguana. The iguana bites you!
You closely miss the iguana. The iguana bites you!
You barely miss the iguana. The iguana bites you!
You are too injured to fight recklessly!
You are too injured to fight recklessly!
You are too injured to fight recklessly!
You barely miss the iguana. The iguana bites you.
You hit the iguana but do no damage.
The iguana is poisoned.
The iguana closely misses you.
You closely miss the iguana.
The iguana is lightly wounded.
The iguana bites you!
* * * LOW HITPOINT WARNING * * *
You hit the iguana.
The iguana looks as sick as possible!
The iguana is moderately wounded.
The iguana bites you.
* * * LOW HITPOINT WARNING * * *
You hit the iguana but do no damage.
The iguana looks as sick as possible!
The iguana is heavily wounded.
The iguana bites you.
* * * LOW HITPOINT WARNING * * *
You hit the iguana.
The iguana is severely wounded.
The iguana bites you!
You die...

#...#####...####.........#
##..## ##.......##......#
#...#####....######.....#
##..........### ##.....##.
##...####...# #.........
.##### ###.# ##.###.....
.# #.# ##.## #.... ##
#.#####l## # # ##..##.@##
##......## #####....##...#
#....#### ##..# ###..#
#.... .....# #......
.....# ##...## .....##
#...... ###...###
##.......


You could see an iguana (extremely poisoned).

Vanquished Creatures
  An ogre (D:3)
  A hound (D:4)
  A gnoll bouda (D:4)
  4 gnolls
  5 adders
  2 worms
  2 dart slugs
  A bat (D:3)
  An endoplasm (D:1)
  2 giant cockroaches
  2 goblins (D:3)
  6 hobgoblins
  3 jackals (D:4)
  A quokka (D:2)
  3 ball pythons
  A frilled lizard (D:1)
  3 kobolds
  5 rats
44 creatures vanquished.

Notes
Turn   | Place    | Note
-------+----------+-------------------------------------------
     0 | D:1      | jimonade the Ogre Warper began the quest for the Orb.
     0 | D:1      | Reached XP level 1. HP: 22/22 MP: 3/3
    56 | D:1      | Got the Opusculum on Atmospheric Movement
   361 | D:1      | Reached XP level 2. HP: 21/29 MP: 5/5
  1221 | D:2      | Reached XP level 3. HP: 33/36 MP: 7/7
  1597 | D:2      | Reached skill level 3 in Fighting
  1597 | D:2      | Reached XP level 4. HP: 5/45 MP: 8/8
  1639 | D:2      | Noticed Natasha
  1644 | D:2      | HP: 1/45 [Natasha (9)]
  2080 | D:3      | Found a glowing golden altar of the Shining One.
  2413 | D:3      | Noticed an ogre
  2732 | D:3      | Killed an ogre
  2733 | D:3      | Reached XP level 5. HP: 54/54 MP: 9/9
  2931 | D:3      | Reached skill level 4 in Fighting
  3194 | D:3      | Learned a level 2 spell: Blink
  3197 | D:3      | Learned a level 2 spell: Lesser Beckoning
  3419 | D:4      | Reached XP level 6. HP: 42/63 MP: 10/10
  3859 | D:4      | Slain by an iguana

Illustrated notes

Levels and vault maps discovered:
D:1:      lightli_arrival_isolated_outpost, layout_loops_ring
D:2:      layout_loops_ring, serial_park_tiny_pond, minmay_tromino_v4_b,
          uniq_natasha
D:3:      layout_basic, mainiacjoe_overflow_alcove_1
D:4:      layout_layer_cave, uniq_eustachio, uniq_ijyb

Skill      XL: |  1  2  3  4  5 |
---------------+----------------+-----
Translocations | 3 |  3.7
Maces & Flails | 2 3 |  3.3
Fighting       | 3 4 |  4.6
Dodging        | 3 |  3.3
Throwing       | |  1.0
Spellcasting   | |  2.6

Action                     |  1- 3 |  4- 6 || total
---------------------------+-------+-------++-------
  Melee: Mace              |    91 |    13 ||   104
         Short sword       |       |    92 ||    92
         Punch             |       |     1 ||     1
  Throw: Boomerang         |     1 |     1 ||     2
  Evoke: Wand              |       |     1 ||     1
    Use: Scroll            |       |     7 ||     7
   Stab: Paralysed         |       |     6 ||     6
         Sleeping          |       |     1 ||     1
 Armour: Robe              |    29 |    15 ||    44
  Dodge: Dodged            |    45 |    46 ||    91

Table legend: (Time is in decaauts)
 A = Elapsed time spent in this place.
 B = Non-inter-level travel time spent in this place.
 C = Inter-level travel time spent in this place.
 D = Time resting spent in this place.
 E = Time spent auto-exploring this place.
 F = Levels seen in this place.
 G = Mean time per level.
                   A        B        C        D        E       F      G
               +--------+--------+--------+--------+--------+-----+--------+
         Total |   3892 |   3764 |    128 |   1002 |   1325 |   4 |  973.0 |
       Dungeon |   3892 |   3764 |    128 |   1002 |   1325 |   4 |  973.0 |
               +--------+--------+--------+--------+--------+-----+--------+

Top non-repeatable levels by time:
     D:3: 1488 daAuts
     D:1: 1335 daAuts
     D:2: 710 daAuts
     D:4: 358 daAuts
